 Dungeon Crawl Stone Soup version 0.26-a0-771-g060e6a62af (webtiles) character file.

Game seed: 13261084535445200588

179 2tc the Poker (level 5, 0/38 HPs)
             Began as a Demonspawn Gladiator on Nov 8, 2020.
             Was a Priest of Jiyva.
             Slain by a sky beast (1 damage)
             ... on level 3 of the Dungeon.
             The game lasted 00:13:02 (3387 turns).

2tc the Poker (Demonspawn Gladiator)                Turns: 3387, Time: 00:13:03

Health: 0/38       AC:  4    Str: 17    XL:     5   Next: 33%
Magic:  5/5        EV: 13    Int:  9    God:    Jiyva [***...]
Gold:   78         SH:  0    Dex: 15    Spells: 4/4 levels left

rFire    . . .     SeeInvis .   h - +0 spear
rCold    . . .     Faith    .   (no shield)
rNeg     . . .     Spirit   .   b - +0 leather armour
rPois    .         Reflect  .   k - +1 hat
rElec    .         Harm     .   (no cloak)
rCorr    +         Rampage  .   (no gloves)
MR       .....                  (no boots)
Stlth    +.........             (no amulet)
HPRegen  0.12/turn              (no ring)
MPRegen  0.09/turn              (no ring)

@: no status effects
A: talons 2, agile 1
a: Request Jelly, Renounce Religion


You were on level 3 of the Dungeon.
You worshipped Jiyva.
Jiyva was most pleased with you.
You visited 1 branch of the dungeon, and saw 4 of its levels.

You collected 78 gold pieces.

Inventory:

Hand Weapons
 a - a +0 trident
 h - a +0 spear (weapon)
Missiles
 d - 3 throwing nets (quivered)
Armour
 b - a +0 leather armour (worn)
 c - a +0 helmet
 i - a +1 robe of magic resistance
 k - a +1 hat (worn)
Scrolls
 j - 2 scrolls of identify
Potions
 e - a potion of haste


   Skills:
 - Level 2.0 Fighting
 * Level 5.5 Polearms
 - Level 1.7 Throwing
 - Level 2.6 Dodging


You had 4 spell levels left.
You didn't know any spells.
Your spell library was empty.

Dungeon Overview and Level Annotations

Branches:
Dungeon (4/15)
 Temple: D:4-7

Altars:
Jiyva


Innate Abilities, Weirdness & Mutations

You have razor-sharp toenails.
You are agile. (Dex +2)


Message History

The sky beast hits you but does no damage.
You miss the sky beast.
The sky beast is moderately wounded.
The sky beast flickers out of sight!
Deactivating autopickup; reactivate with Ctrl-A.
Something hits you. Something shocks you. Something hits you.
Something shocks you.
You swap places.
Okay, then.
You miss something. You claw something. You miss something. Something hits you.
Something shocks you.
* * * LOW HITPOINT WARNING * * *
You hit something. Your kick misses something.
Something hits you but does no damage.
You completely miss something. Something hits you.
* * * LOW HITPOINT WARNING * * *
Something shocks you.
* * * LOW HITPOINT WARNING * * *
You miss something. Your kick misses something. Something hits you.
You die...

..............# #...........# #
..#######J###.# #...........# #
..#........##.# ####........# #
#.#.#####..##.########.......J#
# #....#
#..##.##..............# #
###..# ##.##.##..............#
# .....# #.##.................#
#
####.#####..#.................#
#
............#..{@.............#
#
.......###.....#..............#
# .......#
#.....#..............# #
##########.....#......#########
# #...#..J..#......# #
#...#.....#......# #
#...#...>.############## #
#...#J....# #..J......# #
####.......######.........#####


There were no monsters in sight!

Vanquished Creatures
  Natasha (D:3)
  A worker ant (D:4)
  A hound skeleton (D:4)
  3 adders
  An ooze (D:1)
  2 worms
  A leopard gecko (D:2)
  A ball python (D:2)
  6 giant cockroaches
  8 goblins
  8 hobgoblins
  4 jackals (D:2)
  9 kobolds
  2 quokkas (D:2)
  10 bats
  5 frilled lizards
  A leopard gecko skeleton (D:4)
  4 rats
68 creatures vanquished.

Vanquished Creatures (others)
  Grinder (D:3)
  4 jellies (D:3)
  Natasha (twice) (D:3)
  3 orcs (D:3)
  A giant cockroach (D:3)
  A hobgoblin (D:3)
  3 jackals (D:3)
  A quokka (D:3)
  2 ball pythons (D:3)
  A rat (D:3)
19 creatures vanquished.

Grand Total: 87 creatures vanquished

Notes
Turn   | Place    | Note
-------+----------+-------------------------------------------
     0 | D:1      | 2tc the Demonspawn Gladiator began the quest for the Orb.
     0 | D:1      | Reached XP level 1. HP: 16/16 MP: 1/1
   147 | D:1      | Reached skill level 3 in Polearms
   248 | D:1      | Gained mutation: You have sharp toenails. [demonic
                  | ancestry]
   248 | D:1      | Reached XP level 2. HP: 17/22 MP: 2/2
   641 | D:1      | Gained mutation: You have razor-sharp toenails. [demonic
                  | ancestry]
   641 | D:1      | Reached XP level 3. HP: 25/27 MP: 3/3
  1135 | D:2      | Reached skill level 4 in Polearms
  1643 | D:2      | Reached XP level 4. HP: 24/33 MP: 4/4
  1732 | D:2      | Found a faded altar of an unknown god.
  1746 | D:2      | Became a worshipper of Jiyva Jehedwei the Shapeless
  1746 | D:2      | Reached * piety under Jiyva
  1814 | D:2      | Reached ** piety under Jiyva
  2233 | D:3      | Noticed Grinder
  2272 | D:3      | Paralysed by Grinder for 2 turns
  2495 | D:3      | Killed Natasha
  2496 | D:3      | Reached *** piety under Jiyva
  2562 | D:3      | Gained mutation: You are agile. (Dex +2) [Jiyva's grace]
  2622 | D:3      | Killed Grinder
  2622 | D:3      | Reached skill level 5 in Polearms
  3007 | D:3      | Noticed Natasha
  3019 | D:3      | Killed Natasha
  3019 | D:3      | Reached XP level 5. HP: 38/38 MP: 5/5
  3027 | D:3      | Killed Natasha
  3359 | D:4      | Noticed a sky beast
  3386 | D:3      | HP: 1/38 [something (6)]
  3387 | D:3      | Slain by a sky beast

Illustrated notes

Levels and vault maps discovered:
D:1:      lemuel_arrival_rhombus, layout_basic
D:2:      layout_basic, chequers_ecumenical_altar_simple
D:3:      layout_basic, uniq_natasha, uniq_grinder
D:4:      layout_loops_ring, gup_sewer_entry_pipe, uniq_blork_the_orc,
          uniq_eustachio, uniq_crazy_yiuf_cottage, uniq_robin, uniq_duvessa

Skill      XL: |  1  2  3  4 |
---------------+-------------+-----
Polearms       | 3 4 5 |  5.5
Fighting       | |  2.0
Throwing       | |  1.7
Dodging        | |  2.6

Action                   |  1- 3 |  4- 6 || total
-------------------------+-------+-------++-------
Melee: Trident           |   126 |       ||   126
       Kick              |    26 |    27 ||    53
       Spear             |    17 |   110 ||   127
  Use: Scroll            |     5 |     4 ||     9
       Potion            |       |     2 ||     2
 Stab: Sleeping          |       |     1 ||     1
Armor: Leather armour    |    24 |    12 ||    36
Dodge: Dodged            |    75 |    38 ||   113

Table legend: (Time is in decaauts)
 A = Elapsed time spent in this place.
 B = Non-inter-level travel time spent in this place.
 C = Inter-level travel time spent in this place.
 D = Time resting spent in this place.
 E = Time spent auto-exploring this place.
 F = Levels seen in this place.
 G = Mean time per level.
                   A        B        C        D        E       F      G
               +--------+--------+--------+--------+--------+-----+--------+
         Total |   3363 |   3277 |     86 |    944 |   1805 |   4 |  840.8 |
       Dungeon |   3363 |   3277 |     86 |    944 |   1805 |   4 |  840.8 |
               +--------+--------+--------+--------+--------+-----+--------+

Top non-repeatable levels by time:
     D:3: 1231 daAuts
     D:1: 1086 daAuts
     D:2: 982 daAuts
     D:4: 62 daAuts
